 Seeded DCSS version 0.27-a0-34-gc18c9092ac (webtiles) character file.

Game seed: 3165166927895876312 (custom seed)

233 muata the Vexing (level 6, -7/47 HPs)
             Began as a Gnoll Arcane Marksman on Jan 4, 2021.
             Mangled by Crazy Yiuf
             ... wielding a +4 quarterstaff of chaos
              (11 damage)
             ... on level 3 of the Dungeon.
             The game lasted 00:19:24 (3561 turns).

muata the Vexing (Gnoll Arcane Marksman)            Turns: 3561, Time: 00:19:24

Health: -7/47      AC:  5    Str: 13    XL:     6   Next: 4%
Magic:  6/10       EV: 14    Int: 16    God:
Gold:   196        SH:  0    Dex: 16    Spells: 8/11 levels left

rFire    . . .     SeeInvis .   r - +1 dagger (speed)
rCold    . . .     Faith    .   (no shield)
rNeg     . . .     Spirit   .   n - +0 leather armour
rPois    .         Reflect  .   (no helmet)
rElec    .         Harm     .   i - +0 cloak
rCorr    .         Rampage  .   k - +0 pair of gloves
Will     .....                  (no boots)
Stlth    ++........             (no amulet)
HPRegen  0.15/turn              (no ring)
MPRegen  0.12/turn              (no ring)

@: lethally poisoned (-7 -> -13)
A: distributed training, fangs 1, strong nose
a: no special abilities


You were on level 3 of the Dungeon.
You visited 1 branch of the dungeon, and saw 3 of its levels.

You collected 196 gold pieces.

Inventory:

Hand Weapons
 a - a +0 shortbow
 m - a +0 spear
 r - a +1 dagger of speed (weapon)
Missiles
 b - 6 datura-tipped darts
 c - 160 stones (quivered)
 d - 14 arrows
 f - 3 boomerangs
 s - 8 sling bullets
Armour
 e - a +0 robe
 i - a +0 cloak (worn)
 k - a +0 pair of gloves (worn)
 n - a +0 leather armour (worn)
Wands
 p - a wand of flame (10)
Scrolls
 g - 4 scrolls of identify {unknown}
 h - 6 scrolls of teleportation {unknown}
 o - a scroll of noise {unknown}
 q - 2 scrolls of immolation {unknown}
 v - a scroll of enchant armour {unknown}
 w - a scroll of random uselessness {unknown}
 x - a scroll of remove curse {unknown}
Potions
 j - a potion of lignification {unknown}
 l - a potion of haste {unknown}
 t - a potion of mutation {unknown}
 u - a potion of resistance


   Skills:
 + Level 3.1 Fighting
 + Level 1.7 Short Blades
 + Level 1.7 Long Blades
 + Level 1.7 Axes
 + Level 1.7 Maces & Flails
 + Level 1.7 Polearms
 + Level 1.7 Staves
 + Level 1.7 Slings
 + Level 4.9 Bows
 + Level 1.7 Crossbows
 + Level 1.7 Throwing
 + Level 1.7 Armour
 + Level 4.9 Dodging
 + Level 1.7 Stealth
 + Level 1.7 Shields
 + Level 1.7 Unarmed Combat
 + Level 3.3 Spellcasting
 + Level 1.3 Conjurations
 + Level 5.6 Hexes
 + Level 1.3 Summonings
 + Level 1.3 Necromancy
 + Level 1.3 Translocations
 + Level 1.3 Transmutations
 + Level 1.3 Fire Magic
 + Level 1.3 Ice Magic
 + Level 1.3 Air Magic
 + Level 1.3 Earth Magic
 + Level 1.3 Poison Magic
 + Level 2.0 Invocations
 + Level 1.7 Evocations


You had 8 spell levels left.
You knew the following spells:

 Your Spells              Type           Power        Failure   Level
a - Corona                Hex            22%          2%          1
b - Slow                  Hex            20%          3%          2

Your spell library contained the following spells:

 Spells                   Type           Power        Failure   Level
 Inner Flame              Hex/Fire       13%          16%         3
 Portal Projectile        Hex/Tloc       26%          16%         3
 Cause Fear               Hex            10%          22%         4
 Leda's Liquefaction      Hex/Erth       6%           47%         4


Dungeon Overview and Level Annotations

Branches:
Dungeon (3/15)

Altars:
Cheibriados
Trog

Annotations:
D:3 Crazy Yiuf


Innate Abilities, Weirdness & Mutations

Your experience applies equally to all skills.
You have very sharp teeth.
Your uncanny sense of smell can sniff out nearby items.


Message History

Crazy Yiuf closely misses you.
You hit Crazy Yiuf but do no damage.
Crazy Yiuf is lightly wounded.
You completely miss Crazy Yiuf.
Crazy Yiuf is lightly wounded.
You feel sick. Crazy Yiuf barely misses you.
You hit Crazy Yiuf but do no damage.
Crazy Yiuf is lightly wounded.
You barely miss Crazy Yiuf.
Crazy Yiuf is lightly wounded.
You feel sick.
Crazy Yiuf hits you with a +4 quarterstaff of chaos!
Crazy Yiuf freezes you.
* * * LOW HITPOINT WARNING * * *
You hit Crazy Yiuf but do no damage.
Crazy Yiuf is lightly wounded.
Crazy Yiuf hits you with a +4 quarterstaff of chaos!
* * * LOW HITPOINT WARNING * * *
Space warps horribly around you!
You die...

##### #...##♣♣♣♣♣
#####...#...♣.♣♣♣ ###
...[.........♣..♣#...#
#####.......♣♣♣♣@g...# #...#..♣♣
♣♣#..)# #####...##♣♣ ###
........# #####...# #...####
#####......######################
........................>........
#####......###.###############.##


You could see Crazy Yiuf (resistant, corona).

Vanquished Creatures
  An orc priest (D:3)
  2 orc wizards (D:3)
  Jessica (D:3)
  A worker ant (D:2)
  2 adders (D:2)
  An ooze (D:1)
  4 worms (D:2)
  2 dart slugs
  An orc (D:3)
  6 bats
  5 giant cockroaches
  6 goblins
  6 hobgoblins
  3 jackals
  6 kobolds
  2 quokkas
  A ball python (D:3)
  2 frilled lizards
  11 rats
63 creatures vanquished.

Notes
Turn   | Place    | Note
-------+----------+-------------------------------------------
     0 | D:1      | muata the Gnoll Arcane Marksman began the quest for the
                  | Orb.
     0 | D:1      | Reached XP level 1. HP: 17/17 MP: 4/4
   363 | D:1      | Reached XP level 2. HP: 23/23 MP: 5/5
   971 | D:2      | Reached XP level 3. HP: 27/28 MP: 5/7
   988 | D:2      | Reached skill level 1 in Short Blades
   988 | D:2      | Reached skill level 1 in Long Blades
   988 | D:2      | Reached skill level 1 in Axes
   988 | D:2      | Reached skill level 1 in Maces & Flails
   988 | D:2      | Reached skill level 1 in Polearms
   988 | D:2      | Reached skill level 1 in Staves
   988 | D:2      | Reached skill level 1 in Slings
   988 | D:2      | Reached skill level 1 in Crossbows
   988 | D:2      | Reached skill level 1 in Throwing
   988 | D:2      | Reached skill level 1 in Armour
   988 | D:2      | Reached skill level 1 in Stealth
   988 | D:2      | Reached skill level 1 in Shields
   988 | D:2      | Reached skill level 1 in Unarmed Combat
   988 | D:2      | Reached skill level 1 in Invocations
   988 | D:2      | Reached skill level 1 in Evocations
  1197 | D:2      | Learned a level 2 spell: Slow
  1348 | D:2      | Reached XP level 4. HP: 19/34 MP: 8/8
  1911 | D:2      | Reached skill level 1 in Conjurations
  1911 | D:2      | Reached skill level 1 in Summonings
  1911 | D:2      | Reached skill level 1 in Necromancy
  1911 | D:2      | Reached skill level 1 in Translocations
  1911 | D:2      | Reached skill level 1 in Transmutations
  1911 | D:2      | Reached skill level 1 in Fire Magic
  1911 | D:2      | Reached skill level 1 in Ice Magic
  1911 | D:2      | Reached skill level 1 in Air Magic
  1911 | D:2      | Reached skill level 1 in Earth Magic
  1911 | D:2      | Reached skill level 1 in Poison Magic
  2606 | D:3      | Noticed Jessica
  2609 | D:3      | Killed Jessica
  2610 | D:3      | Reached XP level 5. HP: 40/40 MP: 9/9
  2653 | D:3      | Found a snail-covered altar of Cheibriados.
  2991 | D:3      | Reached XP level 6. HP: 40/47 MP: 10/10
  3133 | D:3      | Found a runed translucent door.
  3134 | D:3      | Noticed Crazy Yiuf
  3151 | D:3      | Upgraded the game from 0.27-a0-29-g2d0a2396b0 to
                  | 0.27-a0-34-gc18c9092ac
  3223 | D:3      | Found a bloodstained altar of Trog.
  3561 | D:3      | Mangled by Crazy Yiuf

Illustrated notes

Levels and vault maps discovered:
D:1:      saegor_arrival_simple_b, layout_loops_corners
D:2:      minmay_diamond_boxcup, layout_loops_ring, minmay_pentomino_q4
D:3:      layout_basic, lemuel_doored_altar, trog_book, uniq_jessica,
          uniq_crazy_yiuf_cottage

Skill      XL: |  1  2  3  4  5  6 |
---------------+-------------------+-----
Short Blades   | 1 |  1.7
Long Blades    | 1 |  1.7
Axes           | 1 |  1.7
Maces & Flails | 1 |  1.7
Polearms       | 1 |  1.7
Staves         | 1 |  1.7
Slings         | 1 |  1.7
Crossbows      | 1 |  1.7
Throwing       | 1 |  1.7
Armour         | 1 |  1.7
Stealth        | 1 |  1.7
Shields        | 1 |  1.7
Unarmed Combat | 1 |  1.7
Invocations    | 1 2 |  2.0
Evocations     | 1 |  1.7
Spellcasting   | 3 |  3.3
Conjurations   | 1 |  1.3
Summonings     | 1 |  1.3
Necromancy     | 1 |  1.3
Translocations | 1 |  1.3
Transmutations | 1 |  1.3
Fire Magic     | 1 |  1.3
Ice Magic      | 1 |  1.3
Air Magic      | 1 |  1.3
Earth Magic    | 1 |  1.3
Poison Magic   | 1 |  1.3
Fighting       | 3 |  3.1
Bows           | |  4.9
Dodging        | |  4.9
Hexes          | |  5.6

Action                   |  1- 3 |  4- 6 || total
-------------------------+-------+-------++-------
Melee: Spear             |    32 |    58 ||    90
       Bite              |     5 |    13 ||    18
       Dagger            |       |    79 ||    79
       Punch             |       |     2 ||     2
 Fire: Shortbow          |    38 |    22 ||    60
Throw: Boomerang         |    11 |    11 ||    22
       Stone             |       |     5 ||     5
 Cast: Corona            |    15 |    18 ||    33
       Slow              |       |     2 ||     2
Evoke: Wand              |       |     6 ||     6
 Stab: Sleeping          |       |     4 ||     4
Armor: Robe              |     7 |     6 ||    13
       Leather armour    |       |    12 ||    12
Dodge: Dodged            |    39 |    87 ||   126

Table legend: (Time is in decaauts)
 A = Elapsed time spent in this place.
 B = Non-inter-level travel time spent in this place.
 C = Inter-level travel time spent in this place.
 D = Time resting spent in this place.
 E = Time spent auto-exploring this place.
 F = Levels seen in this place.
 G = Mean time per level.
                   A        B        C        D        E       F      G
               +--------+--------+--------+--------+--------+-----+--------+
         Total |   3539 |   3461 |     78 |    843 |   1505 |   3 | 1179.7 |
       Dungeon |   3539 |   3461 |     78 |    843 |   1505 |   3 | 1179.7 |
               +--------+--------+--------+--------+--------+-----+--------+

Top non-repeatable levels by time:
     D:2: 1725 daAuts
     D:3: 927 daAuts
     D:1: 886 daAuts
